Map: Blackpink LE

Players

Scarlett - Winner!

  • Race: Zerg Zerg
  • League: Diamond
  • Spawn Location: 1:00

AxImpact (Impact)

  • Race: Zerg Zerg
  • League: Diamond
  • Spawn Location: 7:00

Event: HomeStory Cup XVI

VOD

Have the link to the VOD?

Description

Time

  • Played on: Nov. 11, 2017, 3:24 p.m.
  • Length: 9:27

All games in this series

Show
View Real Time Build Order
Export as new Build Order

Scarlett Zerg - Winner!

Build Orders: Hatch First 

Get SALT Encoding   

  12  0:00  Drone  
  13  0:12  Overlord  
  13  0:16  Drone  
  14  0:30  Drone x2  
  14  0:34  Drone  
  17  0:51  Hatchery  
  17  0:54  Drone  
  17  0:58  Drone  
  18  1:05  Extractor  
  17  1:12  Spawning Pool  
  17  1:15  Drone  
  17  1:18  Drone  
  18  1:28  Drone  
  19  1:38  Drone  
  20  1:49  Overlord  
  20  1:59  Queen  
  22  2:02  Queen  
  22  2:03  Drone  
  22  2:04  Drone  
  22  2:06  Metabolic Boost  
  26  2:11  Zergling x2  
  26  2:14  Zergling x2  
  28  2:23  Drone  
  28  2:25  Drone  
  30  2:32  Zergling x2  
  30  2:35  Zergling x2  
  32  2:39  Hatchery  
  31  2:46  Queen  
  33  2:51  Overlord  
  33  3:03  Drone x3  
  36  3:11  Drone x4  
  36  3:12  Drone  
  41  3:14  Zergling x2  
  42  3:24  Roach Warren  
  41  3:31  Zergling x2  
  41  3:32  Zergling x4  
  44  3:41  Overlord  
  44  3:42  Overlord  
  44  3:46  Zergling x4  
  43  3:50  Extractor  
  43  3:54  Zergling x2  
  43  3:55  Zergling x8  
  47  4:04  Roach x4  
  55  4:14  Overlord  
  54  4:19  Roach x3  
  60  4:26  Drone  
  60  4:27  Drone x4  
  59  4:42  Drone x4  
  59  4:43  Drone x3  
  66  4:55  Overlord  
  66  4:56  Evolution Chamber  
  66  4:59  Roach x3  
  71  5:04  Overlord  
  71  5:08  Zergling x4  
  71  5:10  Overlord x2  
  73  5:20  Lair, Drone  
  73  5:21  Drone x3  
  77  5:29  Ravager  
  77  5:30  Ravager  
  77  5:32  Zergling x10  
  80  5:36  Zerg Missile Weapons Level 1  
  80  5:37  Drone  
  80  5:38  Drone  
  82  5:46  Drone x4  
  82  5:47  Drone x2  
  82  5:49  Extractor  
  80  5:58  Extractor  
  80  6:01  Drone x5  
  84  6:08  Drone  
  84  6:09  Drone x7  
  92  6:18  Glial Reconstitution  
  92  6:22  Overseer  
  92  6:24  Drone x3  
  92  6:25  Drone  
  96  6:29  Extractor  
  96  6:31  Roach x4  
  103  6:36  Ravager, Overlord x2  
  103  6:39  Hatchery  
  103  6:44  Overlord x2  
  103  6:46  Roach  
  105  6:50  Drone  
  105  6:51  Overlord  
  104  6:55  Extractor  
  104  6:56  Roach x6  
  115  7:03  Ravager  
  115  7:04  Ravager  
  115  7:05  Roach x4  
  125  7:11  Roach  
  125  7:13  Roach x2  
  125  7:14  Roach  
  125  7:15  Ravager  
  134  7:21  Roach x3  
  138  7:23  Roach  
  138  7:25  Roach, Spine Crawler  
  138  7:31  Roach  
  138  7:34  Overlord x3  
  140  7:39  Roach x3  
  144  7:46  Roach  
  144  7:47  Overlord  
  146  7:57  Roach x7  
  156  8:00  Roach x2  
  156  8:02  Roach  
  162  8:11  Roach x4  
  162  8:12  Roach  
  157  8:16  Roach x3  
  137  8:22  Roach x3  
  127  8:27  Roach  
  127  8:28  Roach x2  
Show
View Real Time Build Order
Export as new Build Order

AxImpact Zerg 

Build Orders: Hatch First 

Get SALT Encoding   

  12  0:00  Drone  
  13  0:12  Overlord  
  13  0:17  Drone  
  14  0:31  Drone x2  
  14  0:35  Drone  
  17  0:51  Hatchery  
  17  0:54  Drone  
  17  0:58  Drone  
  18  1:07  Extractor  
  17  1:12  Spawning Pool  
  17  1:15  Drone  
  17  1:20  Drone  
  18  1:30  Drone  
  19  1:38  Overlord  
  19  1:59  Queen, Zergling x2  
  19  2:00  Zergling x2  
  23  2:03  Queen, Zergling x2  
  23  2:06  Metabolic Boost  
  26  2:12  Drone  
  26  2:14  Drone  
  28  2:22  Drone  
  29  2:25  Drone  
  29  2:27  Baneling Nest  
  29  2:33  Drone  
  29  2:35  Drone  
  31  2:43  Drone  
  32  2:48  Drone  
  33  2:54  Hatchery  
  32  3:00  Drone  
  32  3:01  Overlord  
  33  3:14  Zergling x6  
  36  3:20  Zergling x4  
  36  3:21  Zergling x6  
  36  3:26  Zergling x2  
  40  3:32  Overlord  
  39  3:44  Drone x6  
  44  3:51  Drone  
  44  3:52  Zergling x4  
  47  3:58  Drone  
  47  4:01  Drone  
  47  4:06  Queen  
  47  4:07  Zergling x4  
  47  4:08  Zergling x2  
  52  4:14  Zergling x2  
  52  4:15  Zergling x2  
  52  4:16  Extractor, Zergling x2  
  52  4:18  Baneling  
  52  4:19  Baneling x2  
  52  4:23  Zergling x10  
  57  4:29  Overlord, Drone  
  57  4:37  Roach Warren  
  55  4:39  Overlord  
  55  4:43  Overlord  
  55  4:47  Overlord  
  55  4:50  Zergling x4  
  57  4:59  Drone x5  
  64  5:00  Drone x2  
  64  5:03  Drone  
  64  5:04  Extractor  
  64  5:16  Baneling  
  64  5:18  Drone x4  
  64  5:20  Roach x2  
  72  5:22  Roach x2  
  72  5:24  Roach  
  72  5:27  Roach  
  78  5:29  Roach  
  78  5:32  Roach  
  78  5:34  Roach  
  77  5:37  Drone  
  77  5:38  Evolution Chamber  
  77  5:42  Overlord  
  76  5:44  Roach  
  76  5:45  Roach  
  76  5:47  Roach  
  80  5:52  Roach  
  80  5:54  Ravager  
  80  5:55  Overlord  
  81  5:58  Overlord  
  81  6:03  Roach  
  83  6:06  Roach  
  85  6:12  Roach  
  85  6:13  Roach  
  85  6:15  Roach x4  
  97  6:19  Roach  
  97  6:20  Roach  
  97  6:25  Roach  
  103  6:27  Overlord  
  103  6:28  Overlord  
  103  6:33  Roach  
  103  6:35  Overlord x2  
  103  6:39  Overlord  
  107  6:47  Roach x4  
  107  6:49  Roach  
  107  6:51  Roach  
  114  6:56  Roach x2  
  114  6:59  Zergling x4  
  114  7:00  Unknown, Zergling x2  
  121  7:02  Zergling x2  
  121  7:03  Zergling x2  
  121  7:06  Ravager  
  121  7:07  Zergling x4  
  126  7:08  Zergling x2  
  126  7:10  Zergling x2  
  126  7:12  Roach, Zergling x2  
  129  7:19  Zergling x4  
  129  7:20  Ravager  
  129  7:22  Roach  
  132  7:23  Zergling x6  
  132  7:25  Ravager  
  136  7:30  Zergling x2  
  136  7:32  Zergling x8  
  136  7:34  Ravager  
  136  7:36  Baneling x3  
  137  7:37  Zergling x8  
  137  7:42  Zergling x2  
  134  7:44  Zergling x2  
  134  7:46  Baneling x2  
  134  7:48  Baneling x4  
  134  7:49  Zergling x2  
  134  7:53  Zergling x2  
  134  7:56  Zergling x2  
  134  7:58  Ravager  
  132  8:00  Zergling x2  
  132  8:01  Zergling x6  
  132  8:02  Zergling x2  
  132  8:04  Baneling  
  132  8:05  Baneling  
  137  8:11  Zergling x2  
  121  8:13  Zergling x4  
  106  8:20  Zergling x8  
  106  8:23  Zergling x2  
  106  8:26  Ravager x2  
  91  8:28  Zergling x8  
Tags
 
Add a new tag
Caveats
  • Supply blocks, unpowered buildings, or Contaminate may cause inaccurate times.
  • Supply counts are checked every 10 seconds.